 Dungeon Crawl Stone Soup version 0.29-a0-359-g541a27f54d (webtiles) character file.

Game seed: 1051395169613888597

137225 freelancePsychic the Geomancer (level 16, -8/187 HPs)
             Began as a White Draconian Earth Elementalist on Apr 27, 2022.
             Was an Initiate of Gozag.
             Mangled by a five-headed hydra (11 damage)
             ... on level 1 of the Swamp.
             The game lasted 01:07:53 (38795 turns).

freelancePsychic the Geomancer (DrEE)              Turns: 38795, Time: 01:07:53

Health: -8/187     AC: 31    Str: 13 (17) XL:     16   Next: 68%
Magic:  22/26      EV: 10    Int: 24 (27) God:    Gozag
Gold:   5769       SH: 24    Dex: 12 (16) Spells: 6/28 levels left

rFire   + . .      SeeInvis .     - Unarmed
rCold   + . .      Faith    .   J - +7 tower shield
rNeg    + . .      Spirit   .   (body armour unavailable)
rPois   ∞          Reflect  .   t - +2 hat {Stlth+}
rElec   +          Harm     .   p - +0 cloak {Stlth+}
rCorr   .          Rampage  .   (gloves currently unavailable)
Will    +....                   (boots currently unavailable)
Stlth   ++++......              w - amulet of magic regeneration
HPRegen 0.41/turn               x - ring of Divine Intervention {Wiz Str+2 Int+2 Slay+4}
MPRegen 0.60/turn               T - ring of Wifitzukk {rF+ Str+4 Int+6}

@: about to teleport, statue-form, grasped by roots, gold aura, constricted,
very slow
A: slow and powerful, torment resistance 1, boosted hp, (breathe frost), AC +9,
unfitting armour, cold resistance 1, cold-blooded, mutation resistance 1
a: End Transformation, Renounce Religion, Potion Petition, Call Merchant, Bribe
Branch


You were on level 1 of the Swamp.
You worshipped Gozag.
Gozag was greatly pleased with you.
You were a living statue of rough stone.
You visited 6 branches of the dungeon, and saw 27 of its levels.
You also visited: Sewer and Gauntlet.

You collected 9983 gold pieces.
You spent 2404 gold pieces at shops.
You paid 1810 gold pieces to Gozag.

Inventory:

Missiles
 a - 618 stones
 c - 7 throwing nets
Armour
 e - the +0 pair of boots "Pydi" (melded) {rC- Will+++ Int+5}
   (You acquired it on level 1 of the Elven Halls)

   Int:       It affects your intelligence (+5).
   rC:        It makes you vulnerable to cold.
   Will:      It greatly increases your willpower.
 k - a +1 pair of gloves of infusion (melded)
 p - a +0 cloak of stealth (worn)
 t - a +2 hat of stealth (worn)
 J - a +7 tower shield (worn)
 Q - a scarf of repulsion
Magical Staves
 W - a staff of conjuration
Jewellery
 d - a ring of protection from cold
 w - an amulet of magic regeneration (around neck)
 x - the ring of Divine Intervention (left fist) {Wiz Str+2 Int+2 Slay+4}
   (You took it off an orc on level 5 of the Dungeon)

   [ring of wizardry]

   It improves your spell success rate.
   Str:       It affects your strength (+2).
   Int:       It affects your intelligence (+2).
   Slay:      It affects your accuracy & damage with ranged weapons and melee
   (+4).
 C - a +6 ring of dexterity
 E - a ring of protection from cold
 K - a ring of fire
 S - an amulet of guardian spirit
 T - the ring of Wifitzukk (right fist) {rF+ Str+4 Int+6}
   (You found it in a Gauntlet)

   [ring of intelligence]

   Str:       It affects your strength (+4).
   Int:       It affects your intelligence (+6).
   rF:        It protects you from fire.
 U - a ring of wizardry
 Y - a ring of protection from cold
Wands
 q - a wand of paralysis (1)
 s - a wand of acid (18)
 u - a wand of mindburst (19)
 y - a wand of charming (27)
 B - a wand of polymorph (12)
 H - a wand of iceblast (24)
 I - a wand of flame (23)
Scrolls
 b - 2 scrolls of fear
 f - 5 scrolls of teleportation {@r4}
 g - 2 scrolls of fog
 i - 3 scrolls of amnesia
 v - 6 scrolls of enchant weapon
 A - 5 scrolls of magic mapping
 D - 8 scrolls of identify {@r1}
 G - 3 scrolls of noise
 M - 2 scrolls of summoning
 N - 6 scrolls of blinking
 O - 3 scrolls of vulnerability
 R - 4 scrolls of immolation
Potions
 h - a potion of heal wounds {@q2}
 j - 4 potions of mutation
 l - 5 potions of attraction
 m - 4 potions of ambrosia
 n - 5 potions of haste {@q3}
 o - 4 potions of cancellation
 r - 6 potions of flight
 z - 5 potions of brilliance
 F - 6 potions of curing {@q1}
 L - 2 potions of resistance
 X - a potion of berserk rage
 Z - 3 potions of might
Miscellaneous
 P - a condenser vane


   Skills:
 + Level 13.3 Fighting
 - Level 8.5 Dodging
 - Level 1.7 Stealth
 * Level 12.3 Shields
 - Level 8.6 Unarmed Combat
 - Level 6.8 Spellcasting
 - Level 9.7 Conjurations
 - Level 3.0 Hexes
 + Level 13.1 Transmutations
 - Level 13.3 Earth Magic
 * Level 6.2 Poison Magic


You had 6 spell levels left.
You knew the following spells:

 Your Spells              Type           Power      Damage    Failure   Level
a - Sandblast             Erth           100%       2d20      1%          1
b - Eringya's Noxious Bo  Tmut/Pois      26%        N/A       38%         6
c - Stone Arrow           Conj/Erth      100%       3d13      1%          3
d - Fulminant Prism       Conj/Hex       19%        3d11      11%         4
e - Statue Form           Tmut/Erth      42%        N/A       10%         6
f - Searing Ray           Conj           100%       2d8       1%          2

Your spell library contained the following spells:

 Spells                   Type           Power      Damage    Failure   Level
 Beastly Appendage        Tmut           100%       N/A       1%          1
 Magic Dart               Conj           100%       1d8       1%          1
 Passwall                 Tmut/Erth      53%        N/A       1%          2
 Wereblood                Tmut           63%        N/A       1%          2
 Spider Form              Tmut/Pois      53%        N/A       1%          3
 Petrify                  Tmut/Erth      64%        N/A       1%          4
 Mephitic Cloud           Conj/Pois/Air  33%        N/A       4%          3
 Leda's Liquefaction      Hex/Erth       23%        N/A       4%          4
 Alistair's Intoxication  Tmut/Pois      35%        N/A       8%          5
 Confusing Touch          Hex            22%        N/A       12%         3
 Tukima's Dance           Hex            22%        N/A       12%         3
 Animate Skeleton         Necr           16%        N/A       14%         1
 Pain                     Necr           32%        1d5       14%         1
 Yara's Violent Unravell  Hex/Tmut       23%        3d10      14%         5
 Flame Wave               Conj/Fire      31%        2d8       19%         4
 Call Imp                 Summ           8%         N/A       21%         2
 Corpse Rot               Necr/Air       16%        N/A       21%         2
 Scorch                   Fire           16%        2d6       21%         2
 Sublimation of Blood     Necr           8%         N/A       21%         2
 Portal Projectile        Hex/Tloc       30%        N/A       22%         3
 Borgnjor's Vile Clutch   Necr/Erth      20%        N/A       26%         5
 Call Canine Familiar     Summ           8%         N/A       38%         3
 Gell's Gravitas          Tloc           8%         N/A       38%         3
 Lesser Beckoning         Tloc           8%         N/A       38%         3
 Teleport Other           Tloc           8%         N/A       38%         3
 Vampiric Draining        Necr           8%         2d6       38%         3
 Anguish                  Hex/Necr       7%         N/A       56%         4
 Animate Dead             Necr           4%         N/A       77%         4
 Dispel Undead            Necr           8%         3d8       77%         4
 Passage of Golubria      Tloc           8%         N/A       77%         4
 Summon Ice Beast         Ice/Summ       8%         N/A       77%         4
 Metabolic Englaciation   Hex/Ice        7%         N/A       88%         5
 Summon Mana Viper        Hex/Summ       15%        N/A       88%         5
 Summon Forest            Summ/Tloc      4%         N/A       98%         5
 Death Channel            Necr           4%         N/A       100%        6
 Simulacrum               Ice/Necr       4%         N/A       100%        6
 Summon Cactus Giant      Summ           4%         N/A       100%        6
 Enfeeble                 Hex            11%        N/A       100%        7
 Malign Gateway           Summ/Tloc      4%         N/A       100%        7
 Monstrous Menagerie      Summ           4%         N/A       100%        7
 Summon Hydra             Summ           4%         N/A       100%        7
 Necromutation            Tmut/Necr      19%        N/A       100%        8
 Summon Horrible Things   Summ           4%         N/A       100%        8


Dungeon Overview and Level Annotations

Branches:
Dungeon (15/15)            Temple (0/1) D:6            Lair (6/6) D:11
  Swamp (1/4) Lair:2       Spider (1/4) Lair:3        Slime (0/5) Lair:6
    Orc (2/2) D:10            Elf (2/3) Orc:2        Vaults (0/5) D:13
 Depths (0/4) D:15          Sewer (visited)         Gauntlet (visited)

Altars:
Fedhas
Gozag
Kikubaaqudgha
Makhleb
Okawaru
Qazlal
Ru
Uskayaw
Wu Jian
Zin
Beogh
Jiyva

Shops:
D:1 (!([   D:3 **   D:5 [   Orc:1 (   Orc:2 *[?*   Lair:4 *

Portals:
Abyss: Lair:3

Annotations:
D:8 Maurice
Lair:3 2 transporters, Tulew's ghost, journeyman NaTm
Lair:4 2 transporters, Kesmoz's ghost, journeyman MfBe
Orc:2 Donald
Elf:2 3 runed translucent doors


Innate Abilities, Weirdness & Mutations

You are a living statue of rough stone.
Your actions are slow, but your melee attacks are powerful.
You are resistant to unholy torment.
Your maximum health is greatly increased.
You are immune to poison.
Your equipment is partially melded.
((You can breathe waves of freezing cold which knock back foes.))
((Your icy white scales are hard. (AC +9)))
You cannot fit into any form of body armour.
Your flesh is cold resistant. (rC+)
You are cold-blooded and may be slowed by cold attacks.
You are somewhat resistant to further mutation.


Message History

Your +1 pair of gloves of infusion melds into your body.
The +0 pair of boots "Pydi" {rC- Will+++ Int+5} melds into your body.
You feel magic leave your hands. You block the spriggan rider's attack.
You block the goliath frog's attack. You block the spriggan rider's attack.
You block the goliath frog's attack. You block the spriggan rider's attack.
You pummel the spriggan rider!!
You kill the spriggan rider!
You kill the hornet!
You hear a splash. x3
The bunyip dissolves into shadows!
The goliath frog dissolves into shadows!
As you read the scroll of teleportation {@r4}, it crumbles to dust.
You feel strangely unstable.
The five-headed hydra bites you but does no damage. x3
The five-headed hydra bites you!
* * * LOW HITPOINT WARNING * * *
The five-headed hydra bites you but does no damage.
Roots burst forth from the earth!
The grasping roots grab you! The grasping roots constrict you!
* * * LOW HITPOINT WARNING * * *
You block the five-headed hydra's attack. x2
The five-headed hydra bites you but does no damage. x3
You pummel the five-headed hydra!!
The five-headed hydra is moderately wounded.
The shambling mangrove hits you!
* * * LOW HITPOINT WARNING * * *
The grasping roots constrict you!!
* * * LOW HITPOINT WARNING * * *
The five-headed hydra bites you.
* * * LOW HITPOINT WARNING * * *
You block the five-headed hydra's attack. x4
The shambling mangrove barely misses you.
The grasping roots constrict you!
* * * LOW HITPOINT WARNING * * *
The five-headed hydra completely misses you.
The five-headed hydra bites you but does no damage. x3
The five-headed hydra bites you!
You die...
Your body crumbles into a pile of gold.

♣≈≈.....♣ ♣♣...$$..♣
♣.≈..$≈?♣ ♣§.$$♣♣
♣♣....♣ ♣♣..♣♣
♣.≈..♣♣ ♣♣.D♣.♣♣♣♣
♣.8≈♣...♣♣♣ ♣♣♣
♣♣f.♣♣♣♣.≈♣♣♣♣♣♣.♣♣
♣♣≈§♣ ♣♣≈≈≈..♣..≈♣
♣.≈♣♣ ♣♣♣>..≈..≈♣♣
.≈♣♣..♣ ♣♣♣≈.......≈♣
≈≈....♣♣♣..≈♣≈≈....♣♣
..≈≈≈≈...≈.≈≈≈≈≈≈♣.♣♣
≈.♣≈≈≈≈♣≈≈≈≈≈..≈♣♣≈♣♣
≈≈....≈≈)≈≈≈..♣♣≈≈≈♣


You could see a shambling mangrove and a five-headed hydra.

Vanquished Creatures
  Jorgrun (D:12)
  A broodmother (Spider:1)
  An eleionoma (Swamp:1)
  A deep elf annihilator (Elf:1)
  A spark wasp (Spider:1)
  A minotaur (Gauntlet)
  An entropy weaver (Spider:1)
  A bunyip (Swamp:1)
  A deep elf death mage (Elf:1)
  A fire dragon (Lair:6)
  Josephine (D:12)
  3 boulder beetles
  4 vault guards (D:13)
  12 hydras
  A centaur warrior (D:15)
  9 two-headed ogres
  4 catoblepae
  2 anacondas (Lair:4)
  9 death yaks (Lair:6)
  2 alligators (Swamp:1)
  5 orc high priests
  3 deep elf knights
  A fire crab (Lair:6)
  2 steelbarb worms (Spider:1)
  A goliath frog (Swamp:1)
  A spriggan druid (Swamp:1)
  An orange crystal statue (Gauntlet)
  3 orb spiders (Spider:1)
  3 deep elf archers
  2 lindwurms (Lair:6)
  A necromancer (Elf:1)
  8 deep elf zephyrmancers
  6 orc knights
  A wizard (D:10)
  5 deep elf pyromancers
  10 orc sorcerers
  7 ugly things
  3 wolf spiders
  2 manticores
  7 cyclopes
  A salamander (D:15)
  10 elephants
  10 black mambas
  2 molten gargoyles (Lair:6)
  A guardian serpent (shapeshifter) (D:15)
  3 gargoyles
  4 torpor snails
  10 cane toads
  7 large abominations
  5 rime drakes
  2 yaktaurs (D:13)
  2 tengu conjurers (D:13)
  3 demonic crawlers (Spider:1)
  17 komodo dragons
  A freezing wraith (D:12)
  6 trolls
  3 polar bears
  A wolf spider simulacrum (Gauntlet)
  A merfolk (D:15)
  4 hornets (Swamp:1)
  4 tyrant leeches
  Grinder (Sewer)
  13 blink frogs
  13 slime creatures
  19 dream sheep
  6 jumping spiders (Spider:1)
  9 tarantellas
  2 air elementals (Elf:2)
  A centaur simulacrum (Gauntlet)
  4 spriggans (Swamp:1)
  7 culicivoras (Spider:1)
  6 wyverns
  6 wraiths
  40 yaks
  A shadow (D:13)
  A fire elemental (Elf:1)
  7 basilisks
  7 steam dragons
  5 vampire mosquitoes
  22 redbacks (Spider:1)
  2 acid dragons
  3 swamp worms (Swamp:1)
  23 water moccasins
  3 hell hounds (Lair:6)
  A sky beast (D:6)
  7 small abominations (D:10)
  3 black bears
  An ice beast (D:7)
  26 orc warriors
  7 ogres
  12 wolves
  2 centaurs
  4 kobold brigands
  12 bullfrogs
  4 elf zombies (Elf:1)
  2 gnoll sergeants
  A scorpion (D:4)
  A cane toad simulacrum (Gauntlet)
  13 wights
  A vampire bat (Lair:2)
  An electric eel (Lair:3)
  4 howler monkeys
  5 lava snakes (Lair:6)
  A quasit (Sewer)
  2 hounds
  20 orc priests
  A gnoll shaman (D:6)
  2 jellies
  An iguana (D:3)
  Jessica (D:3)
  Ijyb (D:3)
  23 orc wizards
  4 hell rats (Lair:3)
  19 gnolls
  5 adders
  A river rat (D:5)
  7 shadow imps
  A white imp (D:4)
  3 ufetubi
  3 worms
  A dart slug (D:3)
  55 orcs
  3 ball pythons
  15 bats
  3 endoplasms
  6 giant cockroaches
  7 goblins
  3 hobgoblins
  4 jackals (D:1)
  4 quokkas
  3 frilled lizards
  29 kobolds
  4 rats
  A fire vortex (Lair:6)
767 creatures vanquished.

Vanquished Creatures (others)
  A ghost moth (Spider:1)
  10 dancing weapons
  A deep elf knight (Elf:2)
  A bloated husk (Swamp:1)
  A swamp worm (Swamp:1)
  A bullfrog (Lair:5)
  An orc (Orc:2)
  A bat zombie (Sewer)
  68 fulminant prisms
  28 fungi
  30 plants
  24 withered plants (Gauntlet)
167 creatures vanquished.

Grand Total: 934 creatures vanquished

Notes
Turn   | Place    | Note
-------+----------+-------------------------------------------
     0 | D:1      | freelancePsychic the Draconian Earth Elementalist began the
                  | quest for the Orb.
     0 | D:1      | Reached XP level 1. HP: 14/14 MP: 3/3
    58 | D:1      | Found Ytheseb's Antique Weapon Shop.
    63 | D:1      | You fall into a shaft and drop 1 floor!
   307 | D:1      | Found Duerph's Distillery.
   313 | D:1      | Found Fon Pari's Antique Weapon Emporium.
   325 | D:1      | Found Xumn's Antique Armour Boutique.
   419 | D:1      | Reached skill level 1 in Conjurations
   439 | D:1      | Reached XP level 2. HP: 20/20 MP: 5/5
  1244 | D:2      | Reached XP level 3. HP: 25/26 MP: 3/6
  1333 | D:2      | Learned a level 3 spell: Stone Arrow
  1579 | D:2      | Learned a level 2 spell: Searing Ray
  2086 | D:2      | Reached XP level 4. HP: 27/34 MP: 2/7
  2189 | D:3      | Found Ronor's General Store.
  2202 | D:3      | Reached skill level 1 in Fighting
  2433 | D:3      | Noticed Jessica
  2434 | D:3      | Noticed Ijyb
  2439 | D:3      | Killed Jessica
  2440 | D:3      | Reached XP level 5. HP: 40/40 MP: 4/9
  2832 | D:3      | Found Gozag's Platinum Reserve.
  2867 | D:3      | Killed Ijyb
  3152 | D:3      | Reached XP level 6. HP: 48/48 MP: 10/10
  3205 | D:3      | Found an opulent altar of Gozag.
  3222 | D:3      | Became a worshipper of Gozag Ym Sagoz the Greedy
  3801 | D:4      | Found a sacrificial altar of Ru.
  4417 | D:4      | Your scales start taking on an icy white colour.
  4417 | D:4      | Reached XP level 7. HP: 33/57 MP: 1/11
  4417 | D:4      | Gained mutation: Your flesh is cold resistant. (rC+) [White
                  | Draconian growth]
  4800 | D:4      | Reached skill level 5 in Conjurations
  5068 | D:5      | Entered Level 5 of the Dungeon
  5232 | D:5      | Found a glowing drain.
  5343 | Sewer    | Entered a sewer
  5847 | Sewer    | Noticed Grinder
  5903 | Sewer    | Paralysed by Grinder for 2 turns
  5912 | Sewer    | Killed Grinder
  5913 | Sewer    | Reached skill level 1 in Shields
  5913 | Sewer    | Reached skill level 1 in Hexes
  6024 | Sewer    | Identified a scroll of acquirement
  6024 | Sewer    | Acquired 985 gold pieces
  6044 | Sewer    | Reached XP level 8. HP: 42/66 MP: 2/12
  6283 | Sewer    | Found a burning altar of Makhleb.
  6512 | D:5      | Bought a glowing cloak for 187 gold pieces
  6517 | D:5      | Bought a runed hat for 175 gold pieces
  7343 | D:5      | Learned a level 4 spell: Fulminant Prism
  7408 | D:6      | Reached skill level 5 in Fighting
  7491 | D:5      | Identified the ring of Divine Intervention {Wiz Str+2 Int+2
                  | Slay+4}
  7658 | D:6      | Found a staircase to the Ecumenical Temple.
  8429 | D:7      | Found a stormy altar of Qazlal.
  8606 | D:7      | Reached XP level 9. HP: 75/75 MP: 7/13
  8989 | D:8      | Noticed a two-headed ogre
  8996 | D:7      | Killed a two-headed ogre
  9378 | D:8      | Noticed Maurice
  9738 | D:9      | Noticed a two-headed ogre
  9748 | D:9      | Killed a two-headed ogre
  9749 | D:9      | Reached skill level 5 in Spellcasting
  9749 | D:9      | Reached XP level 10. HP: 48/88 MP: 11/17
 10943 | D:9      | Noticed a two-headed ogre
 10957 | D:9      | Killed a two-headed ogre
 10958 | D:9      | Reached skill level 5 in Dodging
 11379 | D:10     | Entered Level 10 of the Dungeon
 11419 | D:10     | Noticed a two-headed ogre
 11429 | D:10     | Killed a two-headed ogre
 11515 | D:10     | Found a hide-covered altar of Uskayaw.
 11603 | D:10     | Noticed a two-headed ogre
 11614 | D:10     | Killed a two-headed ogre
 11617 | D:10     | Reached XP level 11. HP: 97/97 MP: 1/20
 11836 | D:10     | Found a glowing silver altar of Zin.
 11846 | D:10     | Found an iron altar of Okawaru.
 12132 | D:10     | Reached skill level 5 in Earth Magic
 12284 | D:10     | Found a staircase to the Orcish Mines.
 12543 | D:10     | Noticed a wizard
 12546 | D:10     | Killed a wizard
 12565 | D:10     | Noticed a large abomination
 13067 | D:11     | Noticed a two-headed ogre
 13076 | D:11     | Killed a two-headed ogre
 13100 | D:10     | Learned a level 6 spell: Statue Form
 13115 | D:11     | Noticed a two-headed ogre
 13123 | D:11     | Killed a two-headed ogre
 13124 | D:11     | Reached skill level 10 in Fighting
 13626 | D:11     | Found a staircase to the Lair.
 13968 | D:11     | Reached skill level 5 in Transmutations
 14399 | D:1      | Bought an embroidered scarf for 192 gold pieces
 14782 | Lair:1   | Entered Level 1 of the Lair of Beasts
 14807 | Lair:1   | Noticed a five-headed hydra
 14817 | Lair:1   | Reached XP level 12. HP: 106/106 MP: 14/22
 14819 | Lair:1   | Killed a five-headed hydra
 16176 | Lair:2   | Reached skill level 1 in Unarmed Combat
 16413 | Lair:2   | Gained mutation: You sometimes lose the ability to read
                  | scrolls when taking damage. [mutagenic glow]
 16461 | Lair:1   | Lost mutation: You sometimes lose the ability to read
                  | scrolls when taking damage. [potion of mutation]
 16461 | Lair:1   | Gained mutation: Your body sometimes deteriorates upon
                  | taking damage. [potion of mutation]
 16461 | Lair:1   | Gained mutation: Your mind is acute. (Int +2) [potion of
                  | mutation]
 16489 | Lair:1   | Lost mutation: Your body sometimes deteriorates upon taking
                  | damage. [potion of mutation]
 16489 | Lair:1   | Lost mutation: Your mind is acute. (Int +2) [potion of
                  | mutation]
 16489 | Lair:1   | Gained mutation: You are somewhat resistant to further
                  | mutation. [potion of mutation]
 16968 | Lair:2   | Noticed a catoblepas
 16983 | Lair:2   | Killed a catoblepas
 17097 | Lair:2   | You fall into a shaft and drop 2 floors!
 17208 | Lair:4   | Noticed an anaconda
 17372 | Lair:2   | Found a staircase to the Swamp.
 18377 | Lair:3   | Found a transporter.
 18564 | Lair:3   | Reached XP level 13. HP: 114/114 MP: 23/23
 18988 | Lair:3   | Found a one-way gate to the infinite horrors of the Abyss.
 19042 | Lair:3   | Reached skill level 10 in Earth Magic
 19150 | Lair:3   | Found a hole to the Spider Nest.
 19602 | Lair:3   | Found a transporter.
 19602 | Lair:3   | Noticed Tulew's ghost (journeyman NaTm)
 19730 | Lair:4   | Found a hide-covered altar of Uskayaw.
 20167 | Lair:4   | Bought a smoking morningstar for 279 gold pieces
 20167 | Lair:4   | Identified the +8 morningstar "Roryc" {holy, Str+2} (You
                  | bought it in a shop on level 4 of the Lair of Beasts)
 20537 | Lair:4   | Found a transporter.
 20546 | Lair:4   | Found a transporter.
 20715 | Lair:4   | Noticed Kesmoz's ghost (journeyman MfBe)
 21040 | Lair:5   | Reached skill level 5 in Unarmed Combat
 21067 | Lair:5   | Reached skill level 10 in Transmutations
 21984 | Lair:6   | Entered Level 6 of the Lair of Beasts
 22021 | Lair:6   | Found a gate leading to a gauntlet.
 22034 | Gauntlet | Entered a Gauntlet
 22034 | Gauntlet | Found a transporter.
 22034 | Gauntlet | Found a transporter.
 22038 | Gauntlet | Found a transporter.
 22038 | Gauntlet | Found a transporter.
 22044 | Gauntlet | Noticed a quicksilver ooze
 22047 | Gauntlet | Found a transporter.
 22072 | Gauntlet | Found a transporter.
 22076 | Gauntlet | Found a transporter.
 22076 | Gauntlet | Found a transporter.
 22079 | Gauntlet | Found a transporter.
 22092 | Gauntlet | Noticed a green death
 22106 | Gauntlet | Found a transporter.
 22113 | Gauntlet | Found a transporter.
 22131 | Gauntlet | Found a transporter.
 22177 | Gauntlet | Found a transporter.
 22191 | Gauntlet | Found a transporter.
 22292 | Gauntlet | Found a transporter.
 22308 | Gauntlet | Found a transporter.
 22486 | Gauntlet | Paralysed by a floating eye for 3 turns
 22492 | Gauntlet | Paralysed by a floating eye for 4 turns
 22860 | Gauntlet | Identified the ring of the Barracuda {rN+ Str+2}
 22902 | Gauntlet | Identified the ring of Wifitzukk {rF+ Str+4 Int+6}
 22982 | Gauntlet | Noticed a minotaur
 22995 | Gauntlet | Killed a minotaur
 23168 | Lair:6   | Reached XP level 14. HP: 122/122 MP: 24/24
 23879 | Lair:6   | Found a large runed translucent door.
 23881 | Lair:6   | Found a large runed translucent door.
 24103 | Lair:6   | Reached skill level 5 in Shields
 24809 | Lair:6   | Found a viscous altar of Jiyva.
 24809 | Lair:6   | Found a staircase to the Slime Pits.
 26237 | D:12     | Noticed Josephine
 26252 | D:12     | Killed Josephine
 26574 | D:12     | Noticed Jorgrun
 26591 | D:12     | Killed Jorgrun
 27749 | D:13     | Found a gate to the Vaults.
 27770 | D:13     | Reached XP level 15. HP: 130/130 MP: 25/25
 29119 | D:14     | Found a blossoming altar of Fedhas.
 29561 | D:14     | Found an ornate altar of the Wu Jian Council.
 29668 | D:15     | Entered Level 15 of the Dungeon
 29779 | D:15     | Identified the +9 flail of Melee {vorpal, rF+ rN+}
 30114 | D:15     | Found a staircase to the Depths.
 30988 | D:15     | Found a burning altar of Makhleb.
 31478 | Orc:1    | Entered Level 1 of the Orcish Mines
 31595 | Orc:1    | Found Aqilol's Weapon Shop.
 32185 | Orc:2    | Entered Level 2 of the Orcish Mines
 32187 | Orc:2    | Noticed Donald
 32337 | Orc:2    | Found Ites's Assorted Antiques.
 32391 | Orc:2    | Reached skill level 10 in Shields
 32657 | Orc:2    | Found Urphiat's Armour Boutique.
 32661 | Orc:2    | Found Nocuraah's Magic Scroll Boutique.
 32666 | Orc:2    | Bought a scroll of enchant armour for 187 gold pieces
 32666 | Orc:2    | Bought a scroll of enchant armour for 187 gold pieces
 32666 | Orc:2    | Bought a potion of heal wounds for 125 gold pieces
 32666 | Orc:2    | Bought a scroll of summoning for 237 gold pieces
 32669 | Orc:2    | Bought a scroll of enchant armour for 82 gold pieces
 32669 | Orc:2    | Bought 3 scrolls of blinking for 247 gold pieces
 32669 | Orc:2    | Bought a scroll of teleportation for 33 gold pieces
 32669 | Orc:2    | Bought a scroll of holy word for 82 gold pieces
 32671 | Orc:2    | Found Ohiydyd's Assorted Antiques.
 32680 | Orc:2    | Bought a scroll of teleportation for 81 gold pieces
 32680 | Orc:2    | Bought a scroll of blinking for 202 gold pieces
 32680 | Orc:2    | Bought a potion of brilliance for 108 gold pieces
 32962 | Orc:2    | Found a staircase to the Elven Halls.
 32967 | Elf:1    | Entered Level 1 of the Elven Halls
 32996 | Elf:1    | Paralysed by an orc sorcerer for 5 turns
 34095 | Elf:1    | Reached skill level 1 in Poison Magic
 34179 | Elf:1    | Acquired the +0 pair of boots "Pydi" {rC- Will+++ Int+5}
 34414 | Elf:1    | Reached XP level 16. HP: 138/138 MP: 26/26
 34519 | Elf:1    | Got Kikubaaqudgha's Disquisition on Unholy Secrets
 34527 | Elf:1    | Learned a level 6 spell: Eringya's Noxious Bog
 34636 | Elf:2    | Found a runed translucent gate.
 34637 | Elf:2    | Found a runed translucent gate.
 34638 | Elf:2    | Found a runed translucent gate.
 35023 | Elf:2    | Paralysed by an air elemental for 1 turns
 35066 | Elf:2    | Got Rithav's Incunabulum of the Unholy Frostbite
 35171 | Elf:2    | Paralysed by an air elemental for 1 turns
 35344 | Elf:2    | Found an ancient bone altar of Kikubaaqudgha.
 35940 | Spider:1 | Entered Level 1 of the Spider Nest
 36381 | Spider:1 | HP: 9/183 [redback (12)]
 37477 | Spider:1 | Reached skill level 5 in Poison Magic
 38080 | Swamp:1  | Entered Level 1 of the Swamp
 38795 | Swamp:1  | HP: 3/187 [constriction (10)]
 38795 | Swamp:1  | Mangled by a five-headed hydra

Illustrated notes

Levels and vault maps discovered:
D:1:      dpeg_arrival_simpleton_c, layout_basic, serial_shops, shop, shop,
          shop, shop_fountains, kennysheep_small_spiral, due_unseen_surprise
D:2:      layout_loops_cross
D:3:      layout_basic, nicolae_gozag_zags_fifth_avenue, serial_shops, shop,
          uniq_jessica, uniq_ijyb
D:4:      layout_loops_ring, nicolae_ru_great_annihilating_truth
D:5:      layout_basic, gup_sewer_entry_spiral
D:6:      layout_basic, minmay_temple_entry_slanted
D:7:      layout_loops_ring, mainiacjoe_overflow_small_starburst
D:8:      layout_rooms, uniq_joseph, uniq_maurice
D:9:      layout_basic
D:10:     layout_irregular_city, amethyst_overflow_temple_binary,
          nicolae_uskayaw_dance_hall, david_orc_1_choice,
          hangedman_abyss_or_decor_stagger, laboratory
D:11:     layout_loops_ring, erik_lair_dragon
D:12:     layout_gridville, uniq_josephine, uniq_jorgrun
D:13:     minmay_weird_star, layout_loops_ring, grunt_vaults_entry_fortified
D:14:     layout_roguey, fedhas_altar_4, drop_trap, nzn_wu_jian_council_hall
D:15:     hangedman_depths_entry_try_elsewhere_first, layout_gridville,
          minmay_misc_feat_tiny, bloody_makhleb
Lair:1:   layout_chaotic_city
Lair:2:   layout_cave_pods, minmay_swamp_entry_worms, roderic_batcave,
          beast_lair_carwin_7
Lair:3:   layout_hall_layers, spider_nest_entry_rubble,
          gammafunk_ghost_abyssal_escape, serial_rivers,
          chequers_serial_rivers_micro_c, chequers_serial_rivers_marsh,
          chequers_serial_rivers_marsh, chequers_serial_rivers_micro_b,
          chequers_serial_rivers_room_b, infiniplex_staircase_pool
Lair:4:   beast_lair_carwin_large_4, layout_gridlike, basic_altar,
          gammafunk_ghost_arena
Lair:5:   layout_cave_pods
Lair:6:   cheibrodos_lair_end_hotspot, layout_gridlike,
          dpeg_slime_entry_enclosed_altar, gauntlet_entry_generic
Swamp:1:  layout_falls_marsh, nicolae_swamp_fairy_circle, swamp_pool4,
          infiniplex_staircase_pool_2
Spider:1: layout_spider_delve, nicolae_spider_webbed_stairs
Orc:1:    layout_caves, serial_shops, nicolae_shop_bloodbath_and_beyond,
          library_closet
Orc:2:    st_orc_elflike, layout_diamond_mine, mines1_david, uniq_donald
Elf:1:    nicolae_elf_arrival_no_cutting_in_line, layout_geoelf_diagonals,
          minmay_elf_necromancy, minmay_misc_feat_ornament
Elf:2:    nicolae_elf_blades_splatter_lattice [nicolae_blade_bullseye],
          layout_rooms, basic_altar, columned_hall_lemuel

Skill      XL: |  1  2  3  4  5  6  7  8  9 10 11 12 13 14 15 16 |
---------------+-------------------------------------------------+-----
Conjurations   | 1 2 3 4 6 7 8 9 |  9.7
Fighting       | 1 2 3 4 6 7 9 10 11 12 13 | 13.3
Spellcasting   | 3 5 6 |  6.8
Earth Magic    | 4 7 9 11 12 13 | 13.3
Shields        | 1 4 7 10 12 | 12.3
Hexes          | 1 3 |  3.0
Dodging        | 2 4 5 7 8 |  8.5
Transmutations | 5 8 10 11 12 13 | 13.1
Unarmed Combat | 3 6 8 |  8.6
Poison Magic   | 2 6 |  6.2
Stealth        | |  1.7

Action                   |  1- 3 |  4- 6 |  7- 9 | 10-12 | 13-15 | 16-18 || total
-------------------------+-------+-------+-------+-------+-------+-------++-------
Melee: Whip              |    77 |    64 |   144 |   140 |       |       ||   425
       Unarmed           |     4 |       |       |   131 |  1016 |   283 ||  1434
       Tailslap          |     9 |     6 |    27 |    56 |   226 |    51 ||   375
       Punch             |     1 |       |     2 |       |       |       ||     3
 Cast: Sandblast         |    24 |    15 |    29 |       |       |     2 ||    70
       Searing Ray       |     4 |    19 |    25 |     4 |       |       ||    52
       Stone Arrow       |       |     5 |    33 |   162 |    36 |    14 ||   250
       Fulminant Prism   |       |       |     7 |    51 |    10 |       ||    68
       Statue Form       |       |       |       |    16 |    79 |    28 ||   123
       Eringya's Noxious |       |       |       |       |       |     1 ||     1
Invok: Call Merchant     |       |       |     1 |       |     1 |       ||     2
       Potion Petition   |       |       |       |       |       |     1 ||     1
 Abil: Breathe Frost     |       |       |     2 |     3 |       |       ||     5
Evoke: Condenser vane    |       |       |       |       |     1 |       ||     1
       Wand              |       |       |       |       |     4 |       ||     4
  Use: Potion            |       |     2 |     3 |     2 |    13 |     4 ||    24
       Scroll            |       |       |    14 |     3 |    25 |     8 ||    50
 Stab: Sleeping          |     5 |     1 |     1 |     4 |     9 |       ||    20
       Paralysed         |       |     3 |       |       |       |       ||     3
       Distracted        |       |       |       |     1 |     9 |     4 ||    14
       Invisible         |       |       |       |       |     2 |       ||     2
Armor: Skin              |    35 |    45 |   105 |   114 |   925 |   336 ||  1560
Dodge: Dodged            |    63 |    71 |   151 |   239 |  1052 |   209 ||  1785
Block: Buckler           |       |       |    16 |   156 |   311 |       ||   483
       Tower shield      |       |       |       |       |   672 |   539 ||  1211

Table legend: (Time is in decaauts)
 A = Elapsed time spent in this place.
 B = Non-inter-level travel time spent in this place.
 C = Inter-level travel time spent in this place.
 D = Time resting spent in this place.
 E = Time spent auto-exploring this place.
 F = Levels seen in this place.
 G = Mean time per level.
                   A        B        C        D        E       F      G
               +--------+--------+--------+--------+--------+-----+--------+
         Total |  42143 |  39545 |   2598 |   1593 |  30668 |  29 | 1453.2 |
       Dungeon |  20413 |  18685 |   1728 |    633 |  15006 |  15 | 1360.9 |
          Lair |  11058 |  10383 |    675 |    367 |   8260 |   6 | 1843.0 |
         Swamp |    904 |    904 |      0 |      0 |    693 |   1 |  904.0 |
   Spider Nest |   2500 |   2487 |     13 |     89 |   1869 |   1 | 2500.0 |
  Orcish Mines |   1799 |   1719 |     80 |      0 |   1197 |   2 |  899.5 |
   Elven Halls |   3073 |   2973 |    100 |      0 |   2412 |   2 | 1536.5 |
         Sewer |   1117 |   1117 |      0 |      0 |    782 |   1 | 1117.0 |
      Gauntlet |   1276 |   1276 |      0 |    504 |    446 |   1 | 1276.0 |
               +--------+--------+--------+--------+--------+-----+--------+

Top non-repeatable levels by time:
  Lair:6: 2755 daAuts
Spider:1: 2500 daAuts
    D:13: 2148 daAuts
    D:10: 2044 daAuts
  Lair:3: 1997 daAuts
   Elf:1: 1877 daAuts
  Lair:2: 1870 daAuts
  Lair:1: 1729 daAuts
    D:11: 1717 daAuts
    D:15: 1635 daAuts
  Lair:4: 1564 daAuts
     D:4: 1533 daAuts
     D:3: 1488 daAuts
     D:5: 1432 daAuts
    D:12: 1288 daAuts
